 Dungeon Crawl Stone Soup version 0.27.1-1-g398f81649c (webtiles) character file.

Game seed: 7023939944762161199

7751 H0rd4k the Thaumaturge (level 11, -44/63 HPs)
             Began as an Octopode Hedge Wizard on Sept 15, 2021.
             Was an Initiate of Gozag.
             Annihilated by a boulder beetle (55 damage)
             ... on level 11 of the Dungeon on Sept 16, 2021.
             The game lasted 00:37:02 (18162 turns).

H0rd4k the Thaumaturge (Octopode Hedge Wizard)     Turns: 18162, Time: 00:37:02

Health: -44/63     AC:  7    Str: 17    XL:     11   Next: 20%
Magic:  2/24       EV: 14    Int: 28    God:    Gozag
Gold:   1201       SH:  5    Dex: 11    Spells: 6/29 levels left

rFire    . . .     SeeInvis +   a - +0 dagger
rCold    . . .     Faith    .   (no shield)
rNeg     . . .     Spirit   .   E - +2 hat
rPois    .         Reflect  +   D - amulet of reflection
rElec    .         Harm     .   y - +6 ring of intelligence
rCorr    +         Rampage  .   F - ring of willpower
Will     +....                  H - ring of Nihonle {AC+4 Int+3 SInv}
Stlth    +++.......             p - +6 ring of strength
HPRegen  0.20/turn              I - ring of resist corrosion
MPRegen  0.19/turn              (no ring)
                                (no ring)
                                (no ring)

@: no status effects
A: almost no armour, amphibious, 8 rings, camouflage 1, gelatinous body 1,
(nimble swimmer 1), tentacles
a: Renounce Religion, Potion Petition, Call Merchant, Bribe Branch


You were on level 11 of the Dungeon.
You worshipped Gozag.
Gozag was most pleased with you.
You visited 2 branches of the dungeon, and saw 12 of its levels.

You collected 1387 gold pieces.
You paid 186 gold pieces to Gozag.

Inventory:

Hand Weapons
 a - a +0 dagger (weapon)
 b - a +2 vorpal hunting sling
 C - the +10 hand axe of Mana {spect, rC+ Str+2}
   (You found it on level 8 of the Dungeon)

   When its wielder attacks, the weapon's spirit leaps out and strikes again.
   The spirit shares a part of any damage it takes with its wielder.
   Str:       It affects your strength (+2).
   rC:        It protects you from cold.
Missiles
 q - 2 throwing nets
Armour
 E - a +2 hat (worn)
Jewellery
 p - a +6 ring of strength (on tentacle)
 y - a +6 ring of intelligence (left tentacle)
 D - an amulet of reflection (around mantle)
 F - a ring of willpower (right tentacle)
 H - the ring of Nihonle (on tentacle) {AC+4 Int+3 SInv}
   (You found it on level 10 of the Dungeon)

   [ring of protection]

   AC:        It affects your AC (+4).
   Int:       It affects your intelligence (+3).
   SInv:      It lets you see invisible.
 I - a ring of resist corrosion (on tentacle)
Wands
 t - a wand of flame (9)
Scrolls
 c - 4 scrolls of fog
 d - a scroll of teleportation
 e - 3 scrolls of amnesia {unknown}
 f - 2 scrolls of identify
 j - 3 scrolls of blinking
 l - 3 scrolls of enchant weapon
 m - 4 scrolls of vulnerability {unknown}
 n - a scroll of torment {unknown}
 o - a scroll of brand weapon {unknown}
 s - a scroll of holy word {unknown}
 w - a scroll of magic mapping {unknown}
 A - 3 scrolls of noise
 J - a scroll of acquirement {unknown}
 K - a scroll of fear {unknown}
Potions
 g - a potion of might
 i - 3 potions of degeneration
 k - 3 potions of lignification
 r - a potion of flight
 u - 3 potions of invisibility
 v - a potion of cancellation
 x - a potion of attraction
 z - a potion of magic
 B - 2 potions of resistance
 L - a potion of mutation {unknown}
Miscellaneous
 G - a phantom mirror
 M - a tin of tremorstones (2/2)


   Skills:
 + Level 1.3 Fighting
 + Level 0.2 Short Blades
 + Level 4.1 Dodging
 - Level 2.6 Stealth
 + Level 0.4 Shields
 + Level 9.9 Spellcasting
 + Level 8.4 Conjurations
 + Level 1.3 Hexes
 + Level 1.0 Summonings
 + Level 3.6 Translocations
 + Level 2.5 Transmutations
 + Level 2.7 Fire Magic
 + Level 4.2 Air Magic
 + Level 7.0 Poison Magic
 + Level 2.7 Evocations


You had 6 spell levels left.
You knew the following spells:

 Your Spells              Type           Power      Damage    Failure   Level
a - Magic Dart            Conj           100%       1d8       1%          1
b - Blink                 Tloc           N/A        N/A       1%          2
c - Conjure Flame         Conj/Fire      45%        6-21      1%          3
d - Mephitic Cloud        Conj/Pois/Air  50%        N/A       1%          3
e - Poisonous Vapours     Pois/Air       90%        N/A       1%          2
f - Spider Form           Tmut/Pois      20%        N/A       1%          3
g - Olgreb's Toxic Radia  Pois           52%        N/A       2%          4
h - Inner Flame           Hex/Fire       25%        N/A       5%          3
i - Slow                  Hex            21%        N/A       3%          2

Your spell library contained the following spells:

 Spells                   Type           Power      Damage    Failure   Level
 Foxfire                  Conj/Fire      100%       2x1d9     1%          1
 Sting                    Tmut/Pois      100%       1d8       1%          1
 Swiftness                Air            37%        N/A       2%          3
 Passwall                 Tmut/Erth      16%        N/A       3%          2
 Call Imp                 Summ           19%        N/A       4%          2
 Ensorcelled Hibernation  Hex/Ice        34%        N/A       4%          2
 Animate Dead             Necr           6%         N/A       38%         4
 Blade Hands              Tmut           13%        N/A       38%         5
 Iron Shot                Conj/Erth      18%        9d4       73%         6
 Invisibility             Hex            10%        N/A       98%         6
 Shadow Creatures         Summ           N/A        N/A       99%         6
 Haunt                    Necr/Summ      8%         N/A       100%        7
 Infestation              Necr           6%         N/A       100%        8
 Animate Armour           Summ/Erth      Unusable   N/A       N/A         4

Dungeon Overview and Level Annotations

Branches:
Dungeon (11/15)            Temple (1/1) D:5             Orc (0/2) D:10
   Lair: D:8-11

Altars:
Ashenzari
Cheibriados
Elyvilon
Gozag
Hepliaklqana
Kikubaaqudgha
Makhleb
Okawaru
Qazlal
Sif Muna
Uskayaw
Wu Jian
Zin
Beogh

Shops:
D:1 [   D:4 :   D:8 *   D:9 *

Annotations:
D:2 exclusion: downstairs
D:3 exclusion: 2 downstairs
D:6 1 runed translucent door, exclusions: door, downstairs and steam dragon, Crazy Yiuf
D:7 2 transporters, 2 runed translucent doors, exclusions: 2 doors and hornet
D:8 exclusions: centaur and upstairs
D:9 exclusions: hornet and upstairs
D:10 exclusion: upstairs


Innate Abilities, Weirdness & Mutations

You cannot wear most types of armour.
You are amphibious.
You can wear up to eight rings at the same time.
Your skin changes colour to match your surroundings (Stealth+).
Your rubbery body absorbs attacks. (AC +1, EV +1)
((You are camouflaged near water. (Stealth+)))
You have tentacles for arms and can constrict up to eight enemies at once.


Message History

That beam is likely to hit you.
Continue anyway?
Okay, then.
Unknown command.
Casting: Mephitic Cloud (safe; 1% risk of failure)
Confirm with . or Enter, or press ? or * to list all spells.
Aiming: Poisonous Vapours (safe; 1% risk of failure)
Press: ? - help, Dir - move target, f/p - boulder beetle
Aim: a boulder beetle (flame, lightly wounded) Poisonous vapours surround the boulder beetle!
The boulder beetle is poisoned.
You block the boulder beetle's attack.
Unknown command.
Casting: Poisonous Vapours (safe; 1% risk of failure)
Confirm with . or Enter, or press ? or * to list all spells.
Aiming: Poisonous Vapours (safe; 1% risk of failure)
Press: ? - help, Dir - move target, f/p - boulder beetle
Aim: a boulder beetle (flame, lightly wounded, very poisoned) Poisonous vapours surround the boulder beetle!
The boulder beetle looks as sick as possible!
The yak bellows!
The boulder beetle bites you!!
* * * LOW HITPOINT WARNING * * *
Casting: Poisonous Vapours (safe; 1% risk of failure)
Confirm with . or Enter, or press ? or * to list all spells.
You blink.
The boulder beetle is engulfed in blazing flames.
Casting: Blink (safe; 1% risk of failure)
Confirm with . or Enter, or press ? or * to list all spells.
You blink.
The boulder beetle is engulfed in noxious fumes.
The boulder beetle curls into a ball and begins rolling!
The boulder beetle is engulfed in noxious fumes.
Casting: Blink (safe; 1% risk of failure)
Confirm with . or Enter, or press ? or * to list all spells.
You blink.
Casting: Blink (safe; 1% risk of failure)
Confirm with . or Enter, or press ? or * to list all spells.
You blink.
The boulder beetle hits you!!!
Ouch! That really hurt!
You die...
Your body crumbles into a pile of gold.

#. #.. ..Y #' #Y### .# ...# .###
#####'### ## ..# #.§.....# .# #.#
####....$..# .#
#####'###..@BY.....### $ o .#
#...)..#..##°......'.### oo
.#####.)....).###°......#...##..o
.)).))....))### #..[.$..###..$...
)#####......# #....$..# ####...
## #......# #....)))# ## #
###'#### #....)))# # #(####
#####)### #.)..# ##.#


You could see a boulder beetle (rolling, very poisoned) and a yak.

Vanquished Creatures
  A two-headed ogre (D:11)
  A cyclops (D:11)
  A kobold demonologist (D:11)
  Sigmund (D:6)
  A shadow (D:10)
  9 yaks
  Eustachio (D:5)
  Grum (D:9)
  Menkaure (D:6)
  A steam dragon (D:8)
  Edmund (D:5)
  10 orc warriors
  A black bear (D:11)
  2 necrophages
  4 centaurs
  3 wolves (D:9)
  An ogre (D:11)
  4 kobold brigands
  2 bullfrogs
  3 scorpions
  A gnoll sergeant (D:9)
  5 killer bees
  4 wights (D:7)
  2 howler monkeys
  A bullfrog zombie (D:5)
  2 centaur zombies (D:10)
  9 orc priests
  A centaur skeleton (D:7)
  3 gnoll shamans
  2 hounds
  2 jellies
  A bullfrog skeleton (D:5)
  Jessica (D:2)
  Natasha (thrice) (D:3)
  2 iguanas
  8 orc wizards
  3 hound skeletons
  A howler monkey zombie (D:8)
  11 gnolls
  9 adders
  A white imp (D:6)
  An ufetubus (D:5)
  3 dart slugs
  52 orcs
  8 ball pythons
  4 endoplasms
  4 giant cockroaches
  3 goblins
  9 hobgoblins
  27 kobolds
  4 quokkas
  6 bats
  4 frilled lizards
  6 rats
252 creatures vanquished.

Vanquished Creatures (collateral kills)
  An orc (D:11)
1 creature vanquished.

Vanquished Creatures (others)
  2 killer bees
  2 demonic plants (D:2)
  32 fungi
  12 plants
  A withered plant (D:2)
49 creatures vanquished.

Grand Total: 302 creatures vanquished

Notes
Turn   | Place    | Note
-------+----------+-------------------------------------------
     0 | D:1      | H0rd4k the Octopode Hedge Wizard began the quest for the
                  | Orb.
     0 | D:1      | Reached XP level 1. HP: 11/11 MP: 4/4
   310 | D:1      | Reached XP level 2. HP: 17/17 MP: 1/6
   404 | D:1      | Found Govvian's Armour Boutique.
   831 | D:1      | Reached XP level 3. HP: 21/21 MP: 2/8
   834 | D:1      | Learned a level 2 spell: Blink
  1988 | D:2      | Noticed Jessica
  1995 | D:2      | Killed Jessica
  1996 | D:2      | Reached skill level 4 in Spellcasting
  1996 | D:2      | Reached XP level 4. HP: 22/27 MP: 1/10
  2177 | D:2      | Found a faded altar of an unknown god.
  2960 | D:2      | Reached XP level 5. HP: 31/31 MP: 5/11
  3418 | D:3      | Noticed Natasha
  3430 | D:3      | Killed Natasha
  3950 | D:3      | Noticed Natasha
  3951 | D:3      | Killed Natasha
  4096 | D:3      | Reached XP level 6. HP: 36/36 MP: 3/13
  4320 | D:3      | Noticed Natasha
  4325 | D:3      | Killed Natasha
  4326 | D:3      | Reached skill level 5 in Spellcasting
  5312 | D:4      | Found Lenn's Self-Improvement Boutique.
  5371 | D:4      | Reached XP level 7. HP: 41/41 MP: 12/15
  5681 | D:5      | Entered Level 5 of the Dungeon
  5970 | D:5      | Learned a level 3 spell: Conjure Flame
  6071 | D:5      | Reached skill level 6 in Spellcasting
  6266 | D:5      | Noticed Edmund
  6303 | D:5      | Killed Edmund
  6304 | D:5      | Reached skill level 1 in Fire Magic
  6548 | D:6      | Noticed Sigmund
  6591 | D:6      | Noticed Menkaure
  6591 | D:6      | Noticed a steam dragon
  6601 | D:6      | Killed Menkaure
  6602 | D:6      | Reached skill level 5 in Conjurations
  6602 | D:6      | Reached skill level 1 in Evocations
  6897 | D:6      | Reached XP level 8. HP: 42/46 MP: 4/17
  7158 | D:6      | Found a runed translucent door.
  7159 | D:6      | Noticed Crazy Yiuf
  8056 | D:7      | Found a snail-covered altar of Cheibriados.
  8164 | D:6      | Learned a level 3 spell: Mephitic Cloud
  8366 | D:7      | Identified the +3 mace "Dutut" {venom, Will+ MP+9}
  8379 | D:7      | Noticed a hornet
  8534 | D:7      | Reached skill level 1 in Poison Magic
  8663 | D:7      | Reached skill level 7 in Spellcasting
  8769 | D:7      | Found a transporter.
  8800 | D:7      | Found a transporter.
  8822 | D:7      | Found a large runed translucent door.
  8822 | D:7      | Found a large runed translucent door.
  9655 | D:8      | Identified the +10 hand axe of Mana {spect, rC+ Str+2}
  9679 | D:8      | Noticed a hornet
  9686 | D:8      | Identified the +1 falchion of the Harvest {flame, rPois
                  | Int+2}
  9739 | D:8      | Found Lisicoi's Assorted Antiques.
  9770 | D:8      | Reached XP level 9. HP: 25/52 MP: 5/20
 11167 | D:6      | Killed Sigmund
 11330 | D:6      | Reached skill level 8 in Spellcasting
 11655 | D:5      | Noticed Eustachio
 11669 | D:5      | Killed Eustachio
 12133 | D:5      | Found a staircase to the Ecumenical Temple.
 12390 | Temple   | Entered the Ecumenical Temple
 12426 | Temple   | Became a worshipper of Gozag Ym Sagoz the Greedy
 12649 | D:5      | Reached skill level 1 in Fighting
 13406 | D:9      | Reached skill level 1 in Air Magic
 13661 | D:9      | Noticed a hornet
 13717 | D:9      | Found a glowing silver altar of Zin.
 13718 | D:9      | Found Zin's Purification Station.
 13739 | D:9      | Noticed Grum
 13772 | D:9      | Killed Grum
 13773 | D:9      | Reached skill level 5 in Poison Magic
 13967 | D:9      | Reached XP level 10. HP: 58/58 MP: 15/22
 14170 | D:9      | Noticed a centaur warrior
 14170 | D:9      | Noticed a purple ugly thing
 14327 | D:10     | Entered Level 10 of the Dungeon
 14495 | D:10     | Identified the ring of Nihonle {AC+4 Int+3 SInv}
 14991 | D:10     | Learned a level 2 spell: Poisonous Vapours
 14995 | D:10     | Learned a level 3 spell: Spider Form
 15000 | D:10     | Learned a level 4 spell: Olgreb's Toxic Radiance
 15004 | D:10     | Learned a level 3 spell: Inner Flame
 15007 | D:10     | Learned a level 2 spell: Slow
 15680 | D:10     | Reached skill level 9 in Spellcasting
 15680 | D:10     | Reached skill level 1 in Hexes
 15999 | D:10     | Found a staircase to the Orcish Mines.
 16433 | D:11     | Noticed a cyclops
 16568 | D:11     | Killed a cyclops
 16569 | D:11     | Reached skill level 1 in Transmutations
 16873 | D:11     | Noticed a two-headed ogre
 16892 | D:11     | Killed a two-headed ogre
 17236 | D:11     | Reached XP level 11. HP: 63/63 MP: 2/24
 18081 | D:11     | Noticed a boulder beetle
 18162 | D:11     | Annihilated by a boulder beetle

Illustrated notes

Levels and vault maps discovered:
D:1:      wander_arrival_lonely_grave, layout_loops_ring, serial_shops,
          nicolae_square_shop, hangedman_decor_lopped, nrook_loot_triangle
D:2:      layout_loops_corners, shapermc_ecumenical_altar_gd, uniq_jessica
D:3:      layout_loops_ring, uniq_natasha
D:4:      layout_loops_cross, nicolae_shop_self_help
D:5:      layout_cave_pods, minmay_temple_entry_poolview,
          minmay_fractal_squares_5, uniq_eustachio, uniq_edmund
D:6:      layout_basic, uniq_menkaure, uniq_crazy_yiuf_cottage, uniq_sigmund
D:7:      gammafunk_cloud_chamber, layout_basic, kennysheep_slug_shrine,
          jmf_multi_god_temple2, lemuel_another_geyser
D:8:      layout_loops_cross, serial_shops, shop, minivault_26
D:9:      layout_irregular_city, zin_purify, hangedman_corner_corridor,
          uniq_grum
D:10:     layout_basic, david_orc_5
D:11:     layout_roguey [special_room_orc], grunt_lair_entry_orc_guard_hut
Temple:   eino_narrow_crystal_temple

Skill      XL: |  1  2  3  4  5  6  7  8  9 10 11 |
---------------+----------------------------------+-----
Spellcasting   | 4 5 6 7 8 9 |  9.9
Conjurations   | 2 3 4 5 6 7 8 |  8.4
Fire Magic     | 1 2 |  2.7
Evocations     | 1 2 |  2.7
Poison Magic   | 3 5 6 7 |  7.0
Dodging        | 3 4 |  4.1
Translocations | 2 3 |  3.6
Fighting       | 1 |  1.3
Air Magic      | 1 4 |  4.2
Hexes          | 1 |  1.3
Transmutations | 2 |  2.5
Short Blades   | |  0.2
Stealth        | |  2.6
Shields        | |  0.4
Summonings     | |  1.0

Action                   |  1- 3 |  4- 6 |  7- 9 | 10-12 || total
-------------------------+-------+-------+-------+-------++-------
Melee: Dagger            |    19 |     1 |     2 |       ||    22
       Tentacles         |     3 |       |       |       ||     3
       Constrict         |     5 |       |     1 |       ||     6
 Cast: Magic Dart        |    90 |   157 |   416 |   172 ||   835
       Conjure Flame     |       |       |    23 |    17 ||    40
       Blink             |       |       |    13 |    16 ||    29
       Mephitic Cloud    |       |       |    21 |    24 ||    45
       Poisonous Vapours |       |       |       |    71 ||    71
       Inner Flame       |       |       |       |     5 ||     5
       Slow              |       |       |       |     1 ||     1
Evoke: Wand              |       |     7 |    30 |       ||    37
  Use: Potion            |       |       |     5 |     2 ||     7
       Scroll            |       |       |    11 |     3 ||    14
Armor: Skin              |     6 |     1 |     9 |    17 ||    33
Dodge: Dodged            |    23 |    26 |   102 |    28 ||   179
Block: Other             |       |       |     3 |    15 ||    18
       Reflection        |       |       |       |     2 ||     2
